[Event "Titled Tuesday Blitz March 14 Late 2023"]
[White "Pakleza, Zbigniew"]
[Black "Postma, Dinant"]
[WhiteFideId "1119290"]
[BlackFideId "1018612"]
[WhiteElo "2410"]
[BlackElo "2514"]
[Result "0-1"]
[Round "05"]
[TimeControl "180+2"]
[Date "2023.03.14"]
[WhiteClock "0:00:03"]
[BlackClock "0:00:16"]

1. d4 d5 2. Bf4 c5 3. e3 Nc6 4. c3 Qb6 5. Qb3 c4 6. Qc2 e5 7. dxe5 Bf5 8. Qc1 g5 9. Bg3 h5 10. h3 Bg7 11. Nf3 h4 12. Bh2 Nge7 13. Nxg5 Bxe5 14. Nf3 Bxh2 15. Rxh2 O-O-O 16. Nbd2 Ng6 17. b3 Nce5 18. Nd4 Nd3+ 19. Bxd3 Bxd3 20. Rh1 Rhe8 21. Qa3 Nf4 22. O-O-O Ne6 23. N2f3 Nc5 24. Nd2 Bh7 25. N2f3 Ne4 26. Rd2 Nxd2 27. Kxd2 Qg6 28. Ne1 Kb8 29. Rg1 Rd6 30. Qb2 Ra6 31. Nec2 Qf6 32. f3 Bxc2 33. Nxc2 Qg5 34. bxc4 dxc4 35. Qb4 Rxa2 36. Qxc4 Qxe3+ 0-1


[Site "https://www.chess.com"]

[Event "Titled Tuesday Blitz March 14 Late 2023"]
[White "Korchmar, Vasiliy"]
[Black "ArchibaldCerveza29"]
[WhiteFideId "24131750"]
[WhiteElo "2370"]
[BlackElo "2507"]
[Result "1-0"]
[Round "05"]
[TimeControl "180+2"]
[Date "2023.03.14"]
[WhiteClock "0:00:42"]
[BlackClock "0:00:08"]

1. e4 e5 2. Nf3 Nc6 3. Bc4 Nf6 4. d3 Be7 5. O-O O-O 6. Nc3 d6 7. a4 Be6 8. Nd5 Re8 9. Re1 Bf8 10. Bg5 Be7 11. Bd2 Bf8 12. a5 a6 13. h3 Bxd5 14. exd5 Ne7 15. Bg5 Ng6 16. d4 h6 17. Be3 e4 18. Nd2 Nh4 19. c3 Qd7 20. Bf4 Qf5 21. Bg3 Qg5 22. Nf1 Nf5 23. Bh2 h5 24. Qd2 Qg6 25. Qf4 h4 26. Bb3 Nh5 27. Qg4 Be7 28. Bc2 Bf6 29. Bxe4 Rxe4 30. Qxg6 fxg6 31. Rxe4 Ne7 32. c4 Nf5 33. Rae1 Nxd4 34. Re8+ Rxe8 35. Rxe8+ Kf7 36. Rb8 Ne2+ 37. Kh1 Bxb2 38. Rxb7 Bc3 39. Rxc7+ Kf6 40. Rc6 Bxa5 41. Rxd6+ Ke7 42. Rxa6 Bb4 43. Rxg6 Kf7 44. Rb6 Bc5 45. Rb7+ Kf6 46. Ne3 Nhf4 47. Bxf4 Nxf4 48. d6 Bxd6 49. Nd5+ Nxd5 50. cxd5 Ke5 51. Rxg7 Kxd5 52. Rg4 Be7 53. Kg1 Ke5 54. Kf1 Kf5 55. Ke2 Bc5 56. Kf3 Bd6 57. Re4 Kg5 58. Rc4 Be7 59. g3 hxg3 60. fxg3 Kh6 61. Ra4 Bd6 62. Ra6 Kg7 63. Rxd6 Kf7 64. Ke4 1-0


[Site "https://www.chess.com"]

[Event "Titled Tuesday Blitz March 14 Late 2023"]
[White "Klose, Eli"]
[Black "Sanchez Alvares, Kelvin Antonio"]
[WhiteFideId "16242955"]
[BlackFideId "3906680"]
[WhiteElo "2626"]
[BlackElo "2217"]
[Result "1/2-1/2"]
[Round "05"]
[TimeControl "180+2"]
[Date "2023.03.14"]
[WhiteClock "0:00:09"]
[BlackClock "0:00:09"]

1. e4 e5 2. Nf3 Nc6 3. d4 exd4 4. Bc4 Bb4+ 5. c3 dxc3 6. O-O Nf6 7. e5 d5 8. Bb3 Ne4 9. a3 Be7 10. Bxd5 cxb2 11. Bxb2 Nc5 12. Nc3 O-O 13. Qc2 Ne6 14. Rad1 Qe8 15. Be4 g6 16. Nd5 Bd7 17. Rfe1 Rd8 18. h3 Bc8 19. h4 Rd7 20. h5 Qd8 21. hxg6 fxg6 22. Bxg6 Rxd5 23. Bxh7+ Kh8 24. Be4 Rxd1 25. Rxd1 Qe8 26. Bg6 Rf7 27. Qe4 Qg8 28. Bxf7 Qxf7 29. Qg4 Qg7 30. Qh5+ Kg8 31. g3 Qf7 32. Qg4+ Qg7 33. Qh5 Qf7 34. Qg4+ Qg7 35. Qe4 Qh7 36. Qxh7+ Kxh7 37. Nd2 b6 38. f4 Ng7 39. Ne4 Nd8 40. Nf6+ Kg6 41. Kh2 Bf5 42. Ng8 Kf7 43. Nxe7 Kxe7 44. a4 c5 45. Kg2 Nde6 46. Rh1 Be4+ 47. Kg1 Bxh1 48. Kxh1 Kf7 49. Kg2 Kg6 50. Kf3 Nf5 51. g4 a6 52. Ke4 Ng3+ 53. Kf3 Nf5 54. Ke4 Ng3+ 55. Kf3 Nf5 1/2-1/2


[Site "https://www.chess.com"]

[Event "Titled Tuesday Blitz March 14 Late 2023"]
[White "Kielinkei"]
[Black "Crevatin, Leo"]
[BlackFideId "1726307"]
[WhiteElo "2432"]
[BlackElo "2190"]
[Result "0-1"]
[Round "05"]
[TimeControl "180+2"]
[Date "2023.03.14"]
[WhiteClock "0:00:03"]
[BlackClock "0:00:41"]

1. Nf3 d5 2. g3 Nf6 3. Bg2 e6 4. O-O c5 5. c4 Be7 6. cxd5 Nxd5 7. d4 b6 8. e4 Nf6 9. e5 Nd5 10. dxc5 Bxc5 11. Ng5 Bb7 12. Ne4 Be7 13. Nbc3 O-O 14. Nxd5 Bxd5 15. Bf4 Nc6 16. Rc1 Rc8 17. Nd6 Bxd6 18. exd6 Bxg2 19. Kxg2 e5 20. Be3 Qd7 21. Qd5 Nb4 22. Qxe5 Nd3 23. Qe7 Rcd8 24. Rc7 Qxd6 25. Qxd6 Rxd6 26. Rxa7 Nxb2 27. Rb7 Nc4 28. Bf4 Rc6 29. Rc1 Rfc8 30. Kg1 h6 31. Rd1 g5 32. Bc1 Na5 33. Ra7 Rxc1 0-1


[Site "https://www.chess.com"]

[Event "Titled Tuesday Blitz March 14 Late 2023"]
[White "Karttunen, Mika"]
[Black "Becham, Khalid"]
[WhiteFideId "502081"]
[BlackFideId "9000275"]
[WhiteElo "2396"]
[BlackElo "2081"]
[Result "1/2-1/2"]
[Round "05"]
[TimeControl "180+2"]
[Date "2023.03.14"]
[WhiteClock "0:00:17"]
[BlackClock "0:00:18"]

1. c4 f5 2. d4 Nf6 3. g3 g6 4. Bg2 Bg7 5. Nc3 O-O 6. Nh3 d6 7. Nf4 Nc6 8. d5 Ne5 9. b3 c6 10. Bb2 Bd7 11. O-O Rc8 12. Qd2 Qa5 13. Rfd1 Rfd8 14. h3 Bh6 15. e3 Bg7 16. Nfe2 a6 17. f4 Nf7 18. Kh2 b5 19. Nd4 c5 20. Ne6 Bxe6 21. dxe6 Nh6 22. Nd5 Qxd2 23. Rxd2 Nxd5 24. Bxd5 Bxb2 25. Rxb2 Kg7 26. cxb5 axb5 27. a4 b4 28. a5 Rc7 29. a6 Ra7 30. Ra5 Rb8 31. Bb7 Ng8 32. Rb5 Nf6 33. Rb6 Ne8 34. Rc6 Kf6 35. e4 Kxe6 36. Re2 Kd7 37. Rb6 Nc7 38. exf5 gxf5 39. Bc6+ Kc8 40. Bd7+ Kxd7 41. Rxb8 Rxa6 42. Rh8 Ra3 43. Rxh7 Rxb3 44. Rexe7+ Kc6 45. Rxc7+ Kd5 46. Rhf7 Rb2+ 47. Kg1 c4 48. Rxf5+ Ke4 49. Rb5 Kf3 50. h4 Rb1+ 51. Kh2 Rb2+ 52. Kh3 Rb1 53. Kh2 Rb2+ 54. Kg1 Rb1+ 55. Kh2 1/2-1/2


[Site "https://www.chess.com"]

[Event "Titled Tuesday Blitz March 14 Late 2023"]
[White "Bove, Alessandro"]
[Black "Roebers, Eline"]
[WhiteFideId "814121"]
[BlackFideId "1058401"]
[WhiteElo "2387"]
[BlackElo "2540"]
[Result "0-1"]
[Round "05"]
[TimeControl "180+2"]
[Date "2023.03.14"]
[WhiteClock "0:00:10"]
[BlackClock "0:00:14"]

1. d4 f5 2. c4 Nf6 3. Nc3 g6 4. b3 Bg7 5. Bb2 O-O 6. Qc2 d6 7. e4 Nc6 8. Nf3 Nb4 9. Qc1 fxe4 10. Nd2 e3 11. fxe3 Ng4 12. Nd1 e5 13. a3 Nc6 14. d5 Nd4 15. exd4 exd4 16. Be2 Qe7 17. Bxd4 Bxd4 18. Ra2 Ne5 19. Ne3 Bxe3 20. Qc2 Bf5 21. Ne4 Ng4 22. Bf3 Rae8 23. h3 Nf6 24. Nxf6+ Rxf6 25. Kd1 Bxc2+ 26. Kxc2 0-1


[Site "https://www.chess.com"]

[Event "Titled Tuesday Blitz March 14 Late 2023"]
[White "babbilator"]
[Black "Kozin, Yuri"]
[BlackFideId "4129920"]
[WhiteElo "2230"]
[BlackElo "2527"]
[Result "0-1"]
[Round "05"]
[TimeControl "180+2"]
[Date "2023.03.14"]
[WhiteClock "0:00:02"]
[BlackClock "0:00:08"]

1. e4 c5 2. Nc3 e6 3. Nf3 d6 4. d4 cxd4 5. Nxd4 Nf6 6. g4 h6 7. Rg1 Nc6 8. h4 d5 9. exd5 Nxd5 10. Nxd5 Qxd5 11. Bg2 Qa5+ 12. c3 Bd7 13. Nxc6 Bxc6 14. Bxc6+ bxc6 15. Be3 Be7 16. g5 hxg5 17. hxg5 Qf5 18. Qa4 Qf3 19. Rd1 Kf8 20. Qg4 Qxg4 21. Rxg4 Rb8 22. b3 a5 23. Rd7 Rh1+ 24. Ke2 Ra1 25. Ra4 Rb5 26. c4 Rf5 27. Bb6 Bb4 28. Ra7 Re1+ 29. Kd3 Rf3+ 30. Kc2 Re2+ 31. Kd1 Rd2+ 32. Kc1 Rh3 33. Rxb4 Rxa2 0-1


[Site "https://www.chess.com"]

[Event "Titled Tuesday Blitz March 14 Late 2023"]
[White "Mazibuko, Khanya"]
[Black "Romkachess"]
[WhiteFideId "14321041"]
[WhiteElo "1873"]
[BlackElo "2556"]
[Result "0-1"]
[Round "05"]
[TimeControl "180+2"]
[Date "2023.03.14"]
[WhiteClock "0:00:51"]
[BlackClock "0:00:29"]

1. e4 c5 2. Nf3 d6 3. Bb5+ Bd7 4. Bxd7+ Qxd7 5. O-O Nc6 6. Qe2 e6 7. Rd1 Nf6 8. d4 cxd4 9. Nxd4 Be7 10. c4 O-O 11. Nc3 Nxd4 12. Rxd4 Qc6 13. f3 a6 14. Be3 Rac8 15. Rc1 Rfd8 16. a4 e5 17. Nd5 Nxd5 18. cxd5 Qd7 19. Rdc4 f5 20. Bb6 Bg5 21. Bxd8 Bxc1 22. Rxc8 Qxc8 23. Bb6 Bg5 24. exf5 Qxf5 25. Qe4 Qc8 26. h4 Qc1+ 27. Kh2 Bf4+ 28. Kh3 h5 0-1


[Site "https://www.chess.com"]

[Event "Titled Tuesday Blitz March 14 Late 2023"]
[White "DeyanKostov"]
[Black "Tica, Sven"]
[BlackFideId "14526948"]
[WhiteElo "2328"]
[BlackElo "2348"]
[Result "0-1"]
[Round "05"]
[TimeControl "180+2"]
[Date "2023.03.14"]
[WhiteClock "0:02:04"]
[BlackClock "0:02:28"]

1. d4 g6 2. c4 Bg7 3. Nc3 d6 4. e4 Nd7 5. Nf3 e5 6. d5 Ne7 7. Be2 O-O 8. h4 h6 9. Be3 f5 10. Qc2 Nf6 11. O-O-O fxe4 12. Nxe4 Nxe4 13. Bd3 Nc5 14. Bxc5 dxc5 15. Rde1 Bf5 16. Nxe5 Qd6 17. Nf3 Rae8 18. Kb1 Bxd3 19. Qxd3 Nf5 20. h5 Qf6 21. Qc2 Rxe1+ 22. Rxe1 Nd4 23. Nxd4 Qxd4 24. f3 gxh5 25. a3 Rf6 26. Re2 Rb6 27. Ka2 Rxb2+ 28. Qxb2 Qxc4+ 29. Qb3 Qxe2+ 30. Kb1 Qf1+ 31. Kc2 Qxg2+ 32. Kb1 Qf1+ 33. Ka2 Qa1# 0-1


[Site "https://www.chess.com"]

[Event "Titled Tuesday Blitz March 14 Late 2023"]
[White "Sonnenschein, Philipp"]
[Black "Gharamian, Tigran"]
[WhiteFideId "16250877"]
[BlackFideId "13301527"]
[WhiteElo "2224"]
[BlackElo "2632"]
[Result "1-0"]
[Round "05"]
[TimeControl "180+2"]
[Date "2023.03.14"]
[WhiteClock "0:00:43"]
[BlackClock "0:00:02"]

1. e4 c6 2. d4 d5 3. exd5 cxd5 4. Bd3 Nc6 5. c3 Qc7 6. h3 Nf6 7. Nf3 g6 8. O-O Bg7 9. Re1 Bf5 10. Bf1 O-O 11. Na3 a6 12. Nc2 Rfe8 13. Ne3 Bd7 14. Bd3 b5 15. Ne5 Nxe5 16. dxe5 Qxe5 17. Nf5 Qc7 18. Nxe7+ Kf8 19. Qe2 Be6 20. b3 Qxe7 21. a4 Kg8 22. axb5 axb5 23. Rxa8 Rxa8 24. Bxb5 Qc5 25. c4 dxc4 26. Bxc4 Bxc4 27. bxc4 Rc8 28. Bb2 Nd7 29. Bxg7 Kxg7 30. Qb2+ Nf6 31. Rc1 Rc6 32. Qb7 Rc7 33. Qf3 Re7 34. g3 Re4 35. Qc3 Re2 36. Qf3 Re4 37. Qc3 Qd4 38. Qf3 Qd2 39. Rf1 Re1 40. c5 Rxf1+ 41. Kxf1 Qc1+ 42. Kg2 Qxc5 43. Qe2 Qd5+ 44. Kg1 Qe4 45. Qa6 h5 46. h4 Ng4 47. Qa1+ Kh7 48. Qa2 Qe1+ 49. Kg2 Qe6 50. Qb2 Ne5 51. Qe2 Qd5+ 52. Kh2 Nf3+ 53. Kh3 Qf5+ 54. Kg2 Ne5 55. f3 Kg7 56. Qb2 Qf6 57. Qe2 Nc6 58. Qe4 Nd4 59. f4 Nf5 60. Kh3 Qa1 61. Kg2 Qb2+ 62. Kh3 Qc3 63. Qg2 1-0


[Site "https://www.chess.com"]

[Event "Titled Tuesday Blitz March 14 Late 2023"]
[White "Chan, Kim Yew"]
[Black "Jenkins, Drake"]
[WhiteFideId "5717981"]
[BlackFideId "2022397"]
[WhiteElo "2206"]
[BlackElo "2253"]
[Result "1-0"]
[Round "05"]
[TimeControl "180+2"]
[Date "2023.03.14"]
[WhiteClock "0:00:05"]
[BlackClock "0:00:06"]

1. d4 Nf6 2. c4 c5 3. Nf3 g6 4. Nc3 Bg7 5. e4 cxd4 6. Nxd4 Nc6 7. Nc2 O-O 8. Be2 d6 9. Be3 Be6 10. O-O a6 11. Rc1 Qa5 12. Qd2 Rfe8 13. Rfd1 Rab8 14. b4 Nxb4 15. Nd5 Nc6 16. Qxa5 Nxa5 17. Nc7 Rec8 18. Nxe6 fxe6 19. e5 dxe5 20. Nb4 Nc6 21. Nd3 Kf7 22. Bf1 Rd8 23. Nc5 Nd4 24. Rb1 Ng4 25. Nxb7 Rdc8 26. Na5 Nxe3 27. fxe3 Nf5 28. Rxb8 Rxb8 29. Rd7 Nxe3 30. Bd3 Ng4 31. g3 Nf6 32. Rb7 Rd8 33. Be2 Bh6 34. Kf2 Ne4+ 35. Kf3 Nc5 36. Rc7 e4+ 37. Kf2 e3+ 38. Kg2 Na4 39. Nc6 Nc3 40. Nxd8+ Ke8 41. Nxe6 Nxe2 42. Kf3 Nc1 43. Nd4 e2 44. Nxe2 Nxe2 45. Kxe2 a5 46. Ra7 Kf7 47. Rxa5 Ke6 48. Rd5 1-0


[Site "https://www.chess.com"]

[Event "Titled Tuesday Blitz March 14 Late 2023"]
[White "Kowalysko, Roman"]
[Black "marik_spb"]
[WhiteFideId "30918510"]
[WhiteElo "2244"]
[BlackElo "2411"]
[Result "1/2-1/2"]
[Round "05"]
[TimeControl "180+2"]
[Date "2023.03.14"]
[WhiteClock "0:00:13"]
[BlackClock "0:00:10"]

1. e4 c6 2. Nf3 d5 3. exd5 cxd5 4. Ne5 Nc6 5. d4 Nf6 6. c3 Bf5 7. Bb5 Qc7 8. Bf4 Qb6 9. c4 dxc4 10. Nc3 e6 11. Nxc4 Qd8 12. Ne5 Rc8 13. Qa4 Qb6 14. Nc4 Qd8 15. Ne5 Bd6 16. Nxc6 bxc6 17. Bxc6+ Ke7 18. Qxa7+ Rc7 19. Bxd6+ Qxd6 20. Bb7 Rd8 21. Qa6 Qxd4 22. O-O Rd6 23. Qa8 Rb6 24. Bf3 Rxb2 25. Qa3+ Qb4 26. Qxb4+ Rxb4 27. Rfc1 Rbc4 28. Ne2 g5 29. Rxc4 Rxc4 30. Rc1 Rxc1+ 31. Nxc1 Kd6 32. h3 Kc5 33. Kf1 Kb4 34. Ke1 Ne4 35. Bxe4 Bxe4 36. f3 Bd5 37. Kd2 Bc4 38. Ke3 Kc3 39. Ne2+ Kb2 40. Nd4 Kxa2 41. Ke4 Bf1 42. g3 Bxh3 43. f4 gxf4 44. Kxf4 Kb2 45. Nf3 Kc3 46. Ng5 Bf5 47. Nxf7 Kd4 48. g4 Bg6 49. Ng5 e5+ 50. Kf3 e4+ 51. Ke2 h6 52. Nh3 Bf7 53. Nf4 Be8 54. Ng2 Bb5+ 55. Kd2 Ba6 56. Ne3 Ke5 57. Ng2 Kd5 58. Ke3 Bd3 59. Nf4+ Ke5 60. Nxd3+ exd3 61. Kxd3 Kf4 62. Ke2 Kxg4 63. Kf1 Kh3 64. Kg1 h5 65. Kh1 h4 66. Kg1 Kg3 67. Kh1 h3 68. Kg1 h2+ 69. Kh1 Kh3 1/2-1/2


[Site "https://www.chess.com"]

[Event "Titled Tuesday Blitz March 14 Late 2023"]
[White "Bochnicka, Vladimir"]
[Black "Tagliati, Eleonore"]
[WhiteFideId "14943450"]
[BlackFideId "45172234"]
[WhiteElo "2094"]
[BlackElo "2221"]
[Result "1/2-1/2"]
[Round "05"]
[TimeControl "180+2"]
[Date "2023.03.14"]
[WhiteClock "0:00:15"]
[BlackClock "0:00:11"]

1. e4 c5 2. Nf3 Nc6 3. d4 cxd4 4. Nxd4 Nf6 5. Nc3 e5 6. Ndb5 d6 7. Bg5 a6 8. Na3 Be7 9. Bxf6 Bxf6 10. Nc4 Be7 11. Nd5 b5 12. Nxe7 Kxe7 13. Ne3 Be6 14. Be2 g6 15. Bg4 Kf8 16. O-O Kg7 17. c3 Qd7 18. Bxe6 fxe6 19. Qd2 Rad8 20. Rfd1 Qe7 21. a4 Rd7 22. axb5 axb5 23. Ra6 Rc8 24. Ng4 Qh4 25. Rxc6 Rxc6 26. Nxe5 Rcc7 27. Nxd7 Rxd7 28. Qd4+ Qf6 29. Qb6 Qe5 30. Qc6 Rf7 31. Qxd6 Qxe4 32. Qd4+ Qxd4 33. Rxd4 Rf5 34. Rd6 Kf6 35. Kf1 Re5 36. Rd3 h5 37. Re3 Rc5 38. Ke2 Kf5 39. Kd3 e5 40. Rf3+ Ke6 41. Rf8 Rd5+ 42. Ke3 Rc5 43. h4 Rd5 44. b3 Rc5 45. Ke4 Rxc3 46. Re8+ Kf6 47. Rxe5 Rxb3 48. g3 Rb4+ 49. Kd5 Rb1 50. Re6+ Kf7 51. Re4 b4 52. Kc4 b3 53. Kc3 Rf1 54. Rf4+ Kg7 55. Kxb3 Rb1+ 56. Kc2 Ra1 57. Kd3 Ra3+ 58. Ke4 Ra4+ 59. Kf3 Ra3+ 60. Kg2 Ra2 61. Kh3 Rb2 62. f3 Rb1 63. g4 hxg4+ 64. Kxg4 Rg1+ 65. Kh3 Rh1+ 66. Kg2 Ra1 67. Rg4 Ra2+ 68. Kg3 Kf6 69. Re4 Ra1 70. Kf4 Rh1 71. Kg3 Rg1+ 72. Kf2 Ra1 73. Rb4 Ra2+ 74. Kg3 Ra1 75. Kf4 Rh1 76. Rb6+ Kg7 77. Rb7+ Kf6 78. Rb6+ Kg7 79. Kg5 Rg1+ 80. Kf4 Rh1 1/2-1/2


[Site "https://www.chess.com"]

[Event "Titled Tuesday Blitz March 14 Late 2023"]
[White "Rios Escobar, Adan"]
[Black "Salgado Lopez, Ivan"]
[WhiteFideId "3403645"]
[BlackFideId "2257327"]
[WhiteElo "2376"]
[BlackElo "2571"]
[Result "1/2-1/2"]
[Round "05"]
[TimeControl "180+2"]
[Date "2023.03.14"]
[WhiteClock "0:00:04"]
[BlackClock "0:00:05"]

1. d4 d5 2. g3 Nf6 3. Nf3 c5 4. Bg2 cxd4 5. O-O Nc6 6. Nxd4 h6 7. c4 e6 8. Nc3 Be7 9. cxd5 exd5 10. Be3 O-O 11. Rc1 Ne5 12. Rc2 Bg4 13. h3 Bh5 14. Nf5 Bg6 15. Nxe7+ Qxe7 16. Rd2 Nc4 17. Nxd5 Nxd5 18. Rxd5 Nxe3 19. fxe3 Qxe3+ 20. Kh2 Rfe8 21. Rd7 Qxe2 22. Rxb7 Qxd1 23. Rxd1 Re2 24. Re7 Rxe7 25. Bxa8 Re2+ 26. Kg1 Rxb2 27. Bd5 Kh7 28. h4 h5 29. Rf1 a5 30. Bxf7 Bxf7 31. Rxf7 Rxa2 32. Rf5 Kg6 33. Rg5+ Kh6 34. g4 hxg4 35. Rxg4 g6 36. Rg5 a4 37. Ra5 a3 38. Kh1 Kg7 39. Ra6 Kf7 40. Kg1 Ke7 41. Kh1 Kd7 42. Kg1 Kc7 43. Kh1 Kb7 44. Ra4 Kb6 45. Ra8 Kb5 46. Kg1 Kb4 47. Ra6 Rb2 48. Rb6+ Kc3 49. Rc6+ Kb3 50. Rb6+ Kc2 51. Rc6+ Kb1 52. Rxg6 a2 53. Ra6 a1=N 54. Re6 Rc2 55. h5 Nb3 56. h6 Rc7 57. Rg6 Rh7 58. Kg2 Nd4 59. Kg3 Nf5+ 60. Kf4 Nxh6 61. Ke5 Nf7+ 62. Kf6 Nd8 63. Rg7 Rh6+ 64. Rg6 Rh1 65. Ke5 Rd1 66. Ke4 Nb7 67. Rb6+ Kc2 68. Rxb7 Kd2 69. Rc7 Ke1 70. Rc2 Rd2 71. Rc3 Re2+ 72. Kd4 Rd2+ 73. Ke3 Re2+ 74. Kd3 Rd2+ 75. Kc4 Kd1 76. Kb3 Re2 77. Rh3 Kd2 78. Kc4 Re3 79. Rh2+ Re2 80. Rh3 Re3 81. Rxe3 Kxe3 1/2-1/2


[Site "https://www.chess.com"]

[Event "Titled Tuesday Blitz March 14 Late 2023"]
[White "Szente Varga, Fruzsina"]
[Black "ritanovikova"]
[WhiteFideId "712264"]
[WhiteElo "1994"]
[BlackElo "2171"]
[Result "1-0"]
[Round "05"]
[TimeControl "180+2"]
[Date "2023.03.14"]
[WhiteClock "0:00:56"]
[BlackClock "0:00:20"]

1. e4 d5 2. exd5 Qxd5 3. Nc3 Qd6 4. d4 Nf6 5. Be3 a6 6. Qd2 e5 7. dxe5 Qxe5 8. O-O-O Be7 9. Nf3 Qa5 10. Kb1 Be6 11. Ng5 Bf5 12. Bc4 Bg6 13. Bf4 Nbd7 14. Nd5 Qxd2 15. Nxc7+ Kf8 16. Rxd2 Rc8 17. Bb3 h6 18. Nf3 Nh5 19. Rxd7 Nxf4 20. Re1 Bb4 21. Red1 Kg8 22. Ne5 Kh7 23. R1d4 Ba5 24. Rxf4 Bxc7 25. Nxg6 fxg6 26. Rff7 Be5 27. f4 Rcd8 28. fxe5 Rxd7 29. Rxd7 Rf8 30. a3 b5 31. e6 Rf1+ 32. Ka2 Re1 33. e7 g5 34. Bf7 1-0


[Site "https://www.chess.com"]

[Event "Titled Tuesday Blitz March 14 Late 2023"]
[White "Gallegos Diaz, Carlos Alberto"]
[Black "Comas Fabrego, Lluis"]
[WhiteFideId "3900886"]
[BlackFideId "2200325"]
[WhiteElo "2362"]
[BlackElo "2523"]
[Result "1-0"]
[Round "05"]
[TimeControl "180+2"]
[Date "2023.03.14"]
[WhiteClock "0:00:13"]
[BlackClock "0:00:01"]

1. e4 c5 2. Nf3 d6 3. d3 Nc6 4. Nbd2 g6 5. Be2 Bg7 6. h3 Nf6 7. O-O O-O 8. c3 e5 9. Re1 b5 10. a3 a5 11. Bf1 Bb7 12. d4 exd4 13. cxd4 Nxd4 14. Nxd4 cxd4 15. Bxb5 Qb6 16. a4 d5 17. exd5 Nxd5 18. Nc4 Qf6 19. Ne5 Rfd8 20. Bd2 Nb4 21. Bxb4 axb4 22. Qb3 Qd6 23. Nxf7 Bd5 24. Nxd6 Bxb3 25. Bc4+ Bxc4 26. Nxc4 d3 27. Rad1 Rxa4 28. Re3 b3 29. Ne5 Bxe5 30. Rxe5 d2 31. Re2 Rad4 32. f3 Rd3 33. Kf2 Kf7 34. Re3 Kf6 35. Rxd3 Rxd3 36. Ke2 Rd5 37. Rxd2 Rb5 38. Rd6+ Ke5 39. Rd7 h5 40. Kd3 Kf4 41. Rg7 g5 42. h4 gxh4 43. Kc3 h3 44. gxh3 Kxf3 45. h4 Kf4 46. Kc4 Rf5 47. Rg8 Kf3 48. Kxb3 Rf4 49. Kc3 Rxh4 50. b4 Rh1 51. Rh8 h4 52. b5 h3 53. b6 Kg3 54. b7 Rb1 55. b8=Q+ 1-0


[Site "https://www.chess.com"]

[Event "Titled Tuesday Blitz March 14 Late 2023"]
[White "Leonte, Sebastian-Marian"]
[Black "Manu_ChessExcelsior"]
[WhiteFideId "1268767"]
[WhiteElo "2337"]
[BlackElo "2016"]
[Result "1-0"]
[Round "05"]
[TimeControl "180+2"]
[Date "2023.03.14"]
[WhiteClock "0:02:03"]
[BlackClock "0:01:44"]

1. e4 c5 2. Nf3 Nc6 3. d4 cxd4 4. Nxd4 Nf6 5. Nc3 e5 6. Ndb5 d6 7. Bg5 a6 8. Na3 b5 9. Nd5 Be7 10. Bxf6 Bxf6 11. c3 O-O 12. Nc2 Rb8 13. h4 Bxh4 14. Qh5 Bxf2+ 15. Kxf2 h6 16. g4 Ne7 17. Nce3 Ng6 18. g5 Qxg5 19. Qxg5 hxg5 20. Bh3 Nf4 21. Ne7+ Kh7 22. Bxc8+ 1-0


[Site "https://www.chess.com"]

[Event "Titled Tuesday Blitz March 14 Late 2023"]
[White "Fan_Of_Chucky"]
[Black "Castillo Pena, Patricia Evarista"]
[BlackFideId "6412106"]
[WhiteElo "2326"]
[BlackElo "1919"]
[Result "1-0"]
[Round "05"]
[TimeControl "180+2"]
[Date "2023.03.14"]
[WhiteClock "0:00:11"]
[BlackClock "0:00:01"]

1. d4 d5 2. c4 c6 3. Nf3 Nf6 4. g3 e6 5. Bg2 Nbd7 6. O-O Be7 7. Qc2 O-O 8. Nbd2 b6 9. e4 dxe4 10. Nxe4 Bb7 11. Rd1 Rc8 12. Bf4 Nxe4 13. Qxe4 Nf6 14. Qc2 Bd6 15. Bxd6 Qxd6 16. c5 Qe7 17. b4 Nd5 18. a3 a5 19. Qb3 axb4 20. axb4 Ra8 21. Ne5 Rfd8 22. b5 cxb5 23. cxb6 Nxb6 24. Qxb5 Bxg2 25. Kxg2 Rxa1 26. Rxa1 Qb7+ 27. Kg1 Qc7 28. Ra6 Qc1+ 29. Kg2 Nd5 30. Ra7 Rf8 31. Rxf7 Ne3+ 32. fxe3 Qd2+ 33. Kh3 Qxe3 34. Rxf8+ Kxf8 35. Qb8+ Ke7 36. Qc7+ Kf6 37. Qf7+ Kg5 38. Qxg7+ 1-0


[Site "https://www.chess.com"]

[Event "Titled Tuesday Blitz March 14 Late 2023"]
[White "Gamage, Wanshini Vidusama"]
[Black "Bayo Milagro, Alvaro"]
[WhiteFideId "9953752"]
[BlackFideId "22275240"]
[WhiteElo "2258"]
[BlackElo "2270"]
[Result "1-0"]
[Round "05"]
[TimeControl "180+2"]
[Date "2023.03.14"]
[WhiteClock "0:01:32"]
[BlackClock "0:01:36"]

1. e4 e5 2. Nf3 Nc6 3. Bb5 a6 4. Ba4 Nge7 5. Nc3 d6 6. O-O Bd7 7. Re1 Ng6 8. Nd5 b5 9. Bb3 Na5 10. d4 exd4 11. e5 Be6 12. Nxd4 Nxe5 13. Nxe6 fxe6 14. f4 Nxb3 15. axb3 exd5 16. fxe5 dxe5 17. Rxe5+ Kd7 18. Rxd5+ Bd6 19. Bf4 Kc6 20. Qd3 Qf6 21. Rxa6+ 1-0


[Site "https://www.chess.com"]

[Event "Titled Tuesday Blitz March 14 Late 2023"]
[White "Vega Gutierrez, Sabrina"]
[Black "lisjakzlatko1"]
[WhiteFideId "2219026"]
[WhiteElo "2209"]
[BlackElo "2153"]
[Result "1-0"]
[Round "05"]
[TimeControl "180+2"]
[Date "2023.03.14"]
[WhiteClock "0:00:34"]
[BlackClock "0:00:04"]

1. e4 d6 2. d4 Nf6 3. Nc3 c6 4. Nf3 Bg4 5. Be3 Qb6 6. Qd2 Nbd7 7. O-O-O Qc7 8. h3 Bh5 9. g4 Bg6 10. Bd3 e5 11. Nh4 Be7 12. Nf5 Bxf5 13. exf5 h6 14. Be2 b5 15. h4 b4 16. Na4 Qa5 17. b3 Ne4 18. Qd3 Nc3 19. Nxc3 bxc3 20. Kb1 O-O-O 21. Qc4 Kb7 22. Qxf7 Rhe8 23. Qxg7 Bf6 24. Qxh6 exd4 25. Bxd4 Bxd4 26. Rxd4 Rxe2 27. Rxd6 Rd2 28. Rxd2 Qa3 29. Rxd7+ Rxd7 30. Qc1 Qa6 31. f6 c5 32. g5 c4 33. Rd1 1-0


[Site "https://www.chess.com"]

[Event "Titled Tuesday Blitz March 14 Late 2023"]
[White "Souza, Gustavo Horokoski De"]
[Black "Pino Perez, Lazaro"]
[WhiteFideId "2146584"]
[BlackFideId "3517055"]
[WhiteElo "1859"]
[BlackElo "2170"]
[Result "0-1"]
[Round "05"]
[TimeControl "180+2"]
[Date "2023.03.14"]
[WhiteClock "0:00:21"]
[BlackClock "0:00:12"]

1. d4 d5 2. c4 e6 3. Nc3 Be7 4. Nf3 Nf6 5. cxd5 exd5 6. Bg5 c6 7. e3 Bf5 8. Qb3 Qb6 9. Ne5 Nbd7 10. Nxd7 Kxd7 11. Be2 Qxb3 12. axb3 h6 13. Bf4 Bc2 14. Bd1 Bxd1 15. Kxd1 Nh5 16. Be5 f6 17. Bg3 Nxg3 18. hxg3 h5 19. Ke2 f5 20. Kf3 Ke6 21. Ne2 g5 22. Nc1 Bd6 23. Nd3 a5 24. Rhc1 Kd7 25. Nc5+ Bxc5 26. Rxc5 b6 27. Rc3 Kd6 28. Rac1 Rac8 29. Rh1 Kc7 30. Rcc1 Kb7 31. Rh2 Ka6 32. Rch1 Kb5 33. Rxh5 Rxh5 34. Rxh5 Kb4 35. Rxg5 Kxb3 36. Rxf5 Kxb2 37. g4 a4 38. Rf7 Ra8 39. g5 a3 40. g6 Rg8 41. Rb7 b5 42. e4 dxe4+ 43. Kxe4 Rxg6 44. d5 a2 45. dxc6 a1=Q 46. Rxb5+ Kc3 47. Rc5+ Kb4 48. c7 Qe1+ 49. Kf4 Qxf2+ 50. Ke4 Qxc5 0-1


[Site "https://www.chess.com"]

[Event "Titled Tuesday Blitz March 14 Late 2023"]
[White "Curtis, John"]
[Black "rikchessmx"]
[WhiteFideId "3200256"]
[WhiteElo "2203"]
[BlackElo "2335"]
[Result "1-0"]
[Round "05"]
[TimeControl "180+2"]
[Date "2023.03.14"]
[WhiteClock "0:00:17"]
[BlackClock "0:01:03"]

1. d4 Nf6 2. Nf3 e6 3. Bg5 c5 4. Bxf6 Qxf6 5. e3 Nc6 6. c3 d5 7. Nbd2 Bd6 8. Bd3 O-O 9. dxc5 Bxc5 10. O-O e5 11. e4 d4 12. Nb3 Bb6 13. cxd4 exd4 14. h3 Rd8 15. a3 Be6 16. Nbd2 Rac8 17. Qe2 Qf4 18. Rac1 Ne7 19. Rxc8 Bxc8 20. Nc4 Bc7 21. Qd2 Ng6 22. b4 Qf6 23. Re1 Bxh3 24. e5 Nxe5 25. Ncxe5 Bxe5 26. Nxe5 Be6 27. f4 a6 28. Be4 b5 29. g3 Bc4 30. Qh2 h6 31. Rd1 d3 32. Rd2 Qb6+ 33. Qf2 Qd6 34. Qc5 Qxc5+ 35. bxc5 f6 36. Nxc4 bxc4 37. c6 Kf7 38. c7 Rc8 39. Bd5+ Ke7 40. Bxc4 Rxc7 41. Bxd3 Rc3 42. Kf2 a5 43. a4 g5 44. Bb5 gxf4 45. gxf4 Ke6 46. Bd7+ Ke7 47. f5 h5 48. Be6 Ra3 49. Rd7+ Ke8 50. Rh7 Kd8 51. Bd7 Ra2+ 52. Kg3 Ra1 53. Bb5 Rg1+ 54. Kh2 Rg5 55. Bd7 Kc7 56. Be6+ Kd6 57. Ra7 Ke5 58. Rxa5+ Ke4 59. Rb5 Ke3 60. Rb3+ Kf2 61. Rb2+ Kf3 62. Ra2 Rg4 63. a5 Rh4+ 64. Kg1 Rg4+ 65. Kf1 Rb4 66. Ra1 h4 67. a6 Rb8 68. a7 1-0


[Site "https://www.chess.com"]